 Dungeon Crawl Stone Soup version 0.24-a0-355-gbe4061de67 (webtiles) character file.

Game seed: 10722447179170534373

96 kaladindcss the Skirmisher (level 4, 0/41 HPs)
             Began as a Hill Orc Fighter on May 24, 2019.
             Killed from afar by Natasha (7 damage)
             ... with a magic dart
             ... on level 2 of the Dungeon.
             The game lasted 00:03:10 (1224 turns).

kaladindcss the Skirmisher (Hill Orc Fighter)       Turns: 1224, Time: 00:03:10

Health: 0/41       AC:  7    Str: 19    XL:     4   Next: 67%
Magic:  4/4        EV:  7    Int:  8    God:
Gold:   23         SH:  9    Dex: 10    Spells: 3/3 levels left

rFire    . . .     SeeInvis .   j - +2 hand axe (chop)
rCold    . . .     Gourm    .   c - +0 shield
rNeg     . . .     Faith    .   b - +0 scale mail
rPois    .         Spirit   .   (no helmet)
rElec    .         Reflect  .   (no cloak)
rCorr    .         Harm     .   (no gloves)
MR       .....                  (no boots)
Stlth    ..........             l - amulet of magic regeneration
HPRegen  0.13/turn              (no ring)
MPRegen  0.34/turn              (no ring)

@: slowed, very slow
A: no striking features
a: no special abilities


You were on level 2 of the Dungeon.
You were not hungry.

You visited 1 branch of the dungeon, and saw 2 of its levels.

You collected 23 gold pieces.

Inventory:

Hand Weapons
 a - a +0 war axe
 j - a +2 hand axe of chopping (weapon)
Armour
 b - a +0 scale mail (worn)
 c - a +0 shield (worn)
Jewellery
 l - an amulet of magic regeneration (around neck)
Wands
 m - a wand of flame (22)
Scrolls
 d - a scroll of identify {unknown}
 h - a scroll of amnesia {unknown}
 k - a scroll of random uselessness {unknown}
 n - a scroll of remove curse {unknown}
 o - a scroll of enchant weapon {unknown}
Potions
 e - 3 potions of lignification {unknown}
 g - a potion of curing
 i - a potion of haste {unknown}
Comestibles
 f - 2 rations


   Skills:
 * Level 4.6 Fighting
 * Level 4.2 Axes
 + Level 3.8 Armour
 + Level 1.1 Dodging
 - Level 3.3 Shields


You had 3 spell levels left.
You didn't know any spells.
Your spell library was empty.

Dungeon Overview and Level Annotations

Branches:
Dungeon (2/15)

Altars:

Annotations:
D:2 Natasha


Message History

Natasha is heavily wounded.
You hit the crimson imp but do no damage.
The crimson imp blinks!
Natasha mewls in sadness.
Natasha closely misses you. The white imp gestures at you.
The puff of frost hits you.
You hit Natasha.
Natasha is severely wounded.
You block Natasha's attack. The white imp gestures at you.
The puff of frost hits you!
* * * LOW HITPOINT WARNING * * *
Natasha stares at you and mumbles some strange words.
You feel as though you will be slow longer.
You hit Natasha.
Natasha is almost dead.
Natasha casts a spell at you. The magic dart hits you!
You die...

#............#...# #
#..##........#...#####
... ..######........##
..# #..........#..#
#>.....##......
#####......##.##...
...........#.##...
##...........##...
#@...........##...
#h5#.........†.....
#..###.........#....
#.# #.............#
#5. #..............
.... #.............#
.... #......(......#
.... #.............#
#.............#


You could see Natasha, a crimson imp and a white imp.

Vanquished Creatures
  Terence (D:2)
  A gnoll (D:1)
  2 adders (D:2)
  An ooze (D:2)
  2 worms (D:2)
  2 leopard geckos (D:1)
  2 giant cockroaches (D:1)
  6 goblins
  3 hobgoblins
  7 kobolds
  6 bats
  A frilled lizard (D:1)
  A rat (D:2)
35 creatures vanquished.

Notes
Turn   | Place    | Note
-------+----------+-------------------------------------------
     0 | D:1      | kaladindcss the Hill Orc Fighter began the quest for the
                  | Orb.
     0 | D:1      | Reached XP level 1. HP: 19/19 MP: 1/1
    72 | D:1      | Reached XP level 2. HP: 26/27 MP: 2/2
   203 | D:1      | Reached XP level 3. HP: 33/33 MP: 3/3
   754 | D:2      | Noticed Terence
   769 | D:2      | Killed Terence
   769 | D:2      | Reached skill level 1 in Dodging
   769 | D:2      | Reached XP level 4. HP: 5/41 MP: 4/4
  1210 | D:2      | Noticed Natasha
  1224 | D:2      | Killed from afar by Natasha

Levels and vault maps discovered:
D:1:      lightli_arrival_quake, layout_loops_ring
D:2:      layout_rooms, first_ration, chequers_serial_rivers_room_b,
          uniq_terence, uniq_natasha

Skill      XL: |  1  2  3 |
---------------+----------+-----
Axes           | 3 4 |  4.2
Fighting       | 4 |  4.6
Dodging        | 1 |  1.1
Armour         | |  3.8
Shields        | |  3.3

Action                   |  1- 3 |  4- 6 || total
-------------------------+-------+-------++-------
Melee: War axe           |    66 |       ||    66
       Hand axe          |    24 |    34 ||    58
  Use: Potion            |     1 |       ||     1
  Eat: Ration            |       |     1 ||     1
Armor: Scale mail        |    31 |    11 ||    42
Dodge: Dodged            |    29 |     7 ||    36
Block: Shield            |    57 |    21 ||    78

Table legend:
 A = Non-vault XP
 B = Vault XP
 C = Vault XP percentage of total XP
 D = Non-vault monster count
 E = Vault monster count
 F = Vault count percentage of total count
                 A         B        C        D         E       F
            +---------+---------+-------+---------+---------+-------
      Total |     106 |      32 |  23.2 |      34 |       1 |   2.9
            +---------+---------+-------+---------+---------+-------
        D:1 |      48 |       0 |   0.0 |      20 |       0 |   0.0
        D:2 |      58 |      32 |  35.6 |      14 |       1 |   6.7
            +---------+---------+-------+---------+---------+-------
